 Dungeon Crawl Stone Soup version 0.29-a0-422-gafbd6decc1 (webtiles) character file.

Game seed: 16688892698711981838

43369 frimble the Thaumaturge (level 14, -3/110 HPs)
             Began as a Gnoll Warper on May 19, 2022.
             Was a High Priest of Cheibriados.
             Slain by a profane servitor
             ... wielding a +1 demon whip of venom
              (21 damage)
             ... on level 2 of the Abyss.
             The game lasted 00:35:13 (23953 turns).

frimble the Thaumaturge (Gnoll Warper)             Turns: 23953, Time: 00:35:13

Health: -3/110     AC:  9    Str: 23    XL:     14   Next: 23%
Magic:  25/25      EV: 24    Int: 32    God:    Cheibriados [*****.]
Gold:   2091       SH:  0    Dex: 32    Spells: 12/33 levels left

rFire   + + .      SeeInvis +   a - +7 long sword of the Wary Persimmons {spect, rF++}
rCold   . . .      Faith    .   (no shield)
rNeg    . . .      Spirit   .   (no body armour)
rPois   .          Reflect  .   K - +3 crown of Dyrovepreva {rElec Int+2 SInv}
rElec   +          Harm     .   (no cloak)
rCorr   .          Rampage  .   (no gloves)
Will    +....                   w - +1 pair of boots
Stlth   +++++.....              Q - amulet of magic regeneration
HPRegen 0.28/turn               f - +4 ring of protection
MPRegen 0.59/turn               G - +6 ring of dexterity

@: about to teleport, wreathed by umbra, unable to read, very slow
A: fangs 1, strong nose, distributed training, antennae 1, low MP 1, subdued
magic 1, inability to read while threatened
a: Renounce Religion, Bend Time, Temporal Distortion, Slouch, Step From Time


You were on level 2 of the Abyss.
You worshipped Cheibriados.
Cheibriados was extremely pleased with you.
You visited 3 branches of the dungeon, and saw 19 of its levels.
You visited the Abyss 1 time.
You also visited: Sewer, Bailey and Gauntlet.

You collected 2091 gold pieces.

Inventory:

Hand Weapons
 a - the +7 long sword of the Wary Persimmons (weapon) {spect, rF++}
   (You found it on level 6 of the Dungeon)

   When its wielder attacks, the weapon's spirit leaps out and strikes again.
   The spirit shares a part of any damage it takes with its wielder.
   rF:        It greatly protects you from fire.
 b - a +6 vorpal trident
 F - the +4 rapier "Esesyfoc" {drain, rPois}
   (You found it on level 5 of the Dungeon)

   A truly terrible weapon, it drains the life of any living foe it strikes.
   rPois:     It protects you from poison.
Missiles
 c - 3 boomerangs of dispersal
 v - 10 throwing nets
 y - 68 poisoned darts (quivered)
 D - 27 boomerangs
 J - 5 javelins
Armour
 w - a +1 pair of boots (worn)
 K - the +3 crown of Dyrovepreva (worn) {rElec Int+2 SInv}
   (You found it in a Gauntlet)

   Int:       It affects your intelligence (+2).
   rElec:     It insulates you from electricity.
   SInv:      It lets you see invisible.
 R - the +2 robe of Chimes {rElec Will+ Archmagi}
   (You found it on level 8 of the Dungeon)

   rElec:     It insulates you from electricity.
   Archmagi:  It increases the power of your magical spells.
   Will:      It increases your willpower.
 T - a +0 troll leather armour
Jewellery
 f - a +4 ring of protection (left hand)
 s - a ring of flight
 G - a +6 ring of dexterity (right hand)
 L - a ring of poison resistance
 Q - an amulet of magic regeneration (around neck)
 Y - a ring of willpower
 Z - a ring of fire
Wands
 d - a wand of flame (37)
 n - a wand of acid (4)
 E - a wand of iceblast (11)
 I - a wand of paralysis (3)
 O - a wand of mindburst (3)
 S - a wand of polymorph (14)
Scrolls
 e - 6 scrolls of fear
 i - 3 scrolls of enchant weapon
 q - 10 scrolls of teleportation
 x - a scroll of summoning
 B - 3 scrolls of blinking
 C - 3 scrolls of fog
 H - 17 scrolls of identify
 M - 5 scrolls of amnesia
 N - 3 scrolls of poison
 U - a scroll of immolation
 V - a scroll of magic mapping
 X - a scroll of silence
Potions
 g - 2 potions of cancellation
 h - 2 potions of resistance
 k - 6 potions of attraction
 m - a potion of flight {unknown}
 p - 2 potions of lignification
 r - a potion of ambrosia
 z - 4 potions of haste
 A - 13 potions of curing
 P - a potion of invisibility
 W - 2 potions of might
Miscellaneous
 j - a condenser vane
 o - a tin of tremorstones (2/2)


   Skills:
 + Level 10.2 Fighting
 + Level 9.0 Short Blades
 + Level 9.0 Long Blades
 + Level 9.0 Axes
 + Level 9.0 Maces & Flails
 + Level 9.0 Polearms
 + Level 9.0 Staves
 + Level 9.0 Slings
 + Level 9.0 Bows
 + Level 9.0 Crossbows
 + Level 9.4 Throwing
 + Level 9.4 Armour
 + Level 10.2 Dodging
 + Level 9.0 Stealth
 + Level 9.0 Shields
 + Level 10.2 Unarmed Combat
 + Level 10.4 Spellcasting
 + Level 7.5 Conjurations
 + Level 7.5 Hexes
 + Level 7.5 Summonings
 + Level 7.5 Necromancy
 + Level 9.4 Translocations
 + Level 7.5 Transmutations
 + Level 7.5 Fire Magic
 + Level 7.5 Ice Magic
 + Level 7.5 Air Magic
 + Level 7.5 Earth Magic
 + Level 7.5 Poison Magic
 + Level 9.9 Invocations
 + Level 9.0 Evocations


You had 12 spell levels left.
You knew the following spells:

 Your Spells              Type           Power      Damage    Failure   Level
a - Blink                 Tloc           100%       N/A       1%          2
b - Statue Form           Tmut/Erth      33%        N/A       17%         6
c - Fireball              Conj/Fire      25%        3d11      2%          5
d - Ignition              Fire           25%        3d8       100%        8

Your spell library contained the following spells:

 Spells                   Type           Power      Damage    Failure   Level
 Pain                     Necr           100%       1d9       1%          1
 Confusing Touch          Hex            50%        N/A       1%          3
 Gell's Gravitas          Tloc           56%        N/A       1%          3
 Lesser Beckoning         Tloc           56%        N/A       1%          3
 Teleport Other           Tloc           56%        N/A       1%          3
 Petrify                  Tmut/Erth      50%        N/A       1%          4
 Manifold Assault         Tloc           56%        N/A       1%          5
 Borgnjor's Vile Clutch   Necr/Erth      25%        N/A       2%          5
 Excruciating Wounds      Necr           25%        N/A       2%          5
 Metabolic Englaciation   Hex/Ice        25%        N/A       2%          5
 Yara's Violent Unravell  Hex/Tmut       25%        3d11      2%          5
 Death Channel            Necr           25%        N/A       17%         6
 Starburst                Conj/Fire      25%        6d8       17%         6
 Enfeeble                 Hex            25%        N/A       69%         7


Dungeon Overview and Level Annotations

Branches:
Dungeon (13/15)            Temple (1/1) D:6            Lair (5/6) D:11
 Shoals (0/4) Lair:4        Snake (0/4) Lair:2          Orc (0/2) D:11
  Sewer (visited)          Bailey (visited)         Gauntlet (visited)
  Slime: Lair:5-6    Vaults: D:13-14

Altars:
Ashenzari
Cheibriados
Dithmenos
Elyvilon
Fedhas
Gozag
Hepliaklqana
Kikubaaqudgha
Makhleb
Nemelex Xobeh
Okawaru
Qazlal
Ru
Trog
Uskayaw
Vehumet
Wu Jian
Xom
Yredelemnul
Zin
Beogh
Jiyva

Shops:
D:5 :   D:11 (

Annotations:
Lair:5 3 runed translucent doors, Denysae's ghost, journeyman OgAr Gauntlet 7 transporters, exclusion: ice statue


Innate Abilities, Weirdness & Mutations

You have very sharp teeth.
Your uncanny sense of smell can sniff out nearby items.
Your experience applies equally to all skills.
You have a pair of small antennae on your head.
Your magical capacity is low. (-10% MP)
Your spells are a little easier to cast, but a little less powerful.
You sometimes lose the ability to read scrolls when taking damage.


Message History

That felt strangely unrewarding.
You destroy the starcursed mass!
That felt strangely unrewarding.
You destroy the starcursed mass!
That felt strangely unrewarding.
Cheibriados lowers the support of your attributes as your movement quickens.
You start resting.
A rust devil comes into view.
You can read scrolls again.
You revert to your normal fleshy form.
Your +1 pair of boots unmelds from your body.
The +2 robe of Chimes {rElec Will+ Archmagi} unmelds from your body.
You start removing your armour.
You continue taking off the +2 robe of Chimes {rElec Will+ Archmagi}. x4
You finish taking off the +2 robe of Chimes {rElec Will+ Archmagi}.
You feel strangely numb.
You start putting on your armour.
You continue putting on your +0 troll leather armour. x3
Keep equipping yourself?
You stop putting on your armour.
As you read the scroll of teleportation, it crumbles to dust.
You feel strangely unstable.
You feel the power of the Abyss delaying your translocation!
The profane servitor hits you with a +1 demon whip of venom!!
You feel threatened and lose the ability to read scrolls!
* * * LOW HITPOINT WARNING * * *
The profane servitor draws strength from your injuries!
You are lethally poisoned!
The profane servitor closely misses you.
Casting: Statue Form (dangerous; 17% risk of failure)
Confirm with . or Enter, or press ? or * to list all spells.
Okay, then.
You feel better.
The profane servitor closely misses you.
The profane servitor hits you with a +1 demon whip of venom!
* * * LOW HITPOINT WARNING * * *
You cannot read scrolls in your current state!
You feel much better.
The profane servitor hits you with a +1 demon whip of venom!!
You die...

# . #.#
#.# #.#
#..
#..###
##...###
#......#
#..#...##
♣.@.....#
♣♣.A≈≈≈♣♣
♣≈≈≈≈≈♣
≈♣≈≈≈♣≈≈#
≈#
≈≈≈♣###
## ≈≈♣#
##. #. .#


You could see a profane servitor.

Vanquished Creatures
  A tentacled starspawn (Abyss:2)
  4 hydras
  A catoblepas (Lair:2)
  A centaur warrior (D:10)
  Erica (D:8)
  6 death yaks
  An orc knight (Bailey)
  A deep elf pyromancer (D:7)
  3 ugly things
  A manticore (D:11)
  15 elephants
  A black mamba (Lair:4)
  3 gargoyles
  A torpor snail (Lair:4)
  4 unseen horrors
  2 rime drakes (Lair:5)
  6 cane toads
  2 kobold demonologists (D:12)
  6 komodo dragons
  2 trolls
  The ghost of Slifar the Charlatan, an amateur DrAr (D:6)
  Prince Ribbit (D:8)
  6 dream sheep (Lair:5)
  A hornet (D:8)
  A snapping turtle (Lair:4)
  2 shadows
  48 yaks
  3 wraiths
  3 wyverns
  A basilisk (Lair:4)
  4 steam dragons
  Edmund (D:6)
  9 vampire mosquitoes
  An acid dragon (D:12)
  5 nagas (Lair:2)
  9 water moccasins
  2 large abominations (Gauntlet)
  12 orc warriors
  A black bear (Lair:4)
  4 sky beasts
  An ogre (D:4)
  6 wolves
  2 centaurs (D:9)
  A phantom (D:4)
  11 kobold brigands
  6 bullfrogs
  A scorpion (D:5)
  A necrophage (D:5)
  2 gnoll sergeants (D:5)
  4 small abominations (Gauntlet)
  4 wights
  3 killer bees
  3 howler monkeys
  9 electric eels
  10 starcursed masses (Abyss:2)
  4 hounds
  3 gnoll shamans (D:5)
  13 orc priests
  5 iguanas
  20 orc wizards
  Natasha (thrice) (D:2)
  24 gnolls
  20 adders
  6 river rats
  2 shadow imps
  3 white imps (D:7)
  2 ufetubi
  2 worms (D:2)
  A dart slug (D:2)
  71 orcs
  6 ball pythons
  2 bats (D:1)
  5 endoplasms
  9 giant cockroaches
  6 hobgoblins
  12 jackals
  9 quokkas
  6 frilled lizards
  10 goblins
  31 kobolds
  14 rats
530 creatures vanquished.

Vanquished Creatures (collateral kills)
  An elephant (Lair:2)
  A komodo dragon (Lair:2)
  A yak (Lair:2)
  A water moccasin (Lair:2)
4 creatures vanquished.

Vanquished Creatures (others)
  An orc (D:5)
  20 fungi
  36 plants
  2 starspawn tentacles (Abyss:2)
59 creatures vanquished.

Grand Total: 593 creatures vanquished

Notes
Turn   | Place    | Note
-------+----------+-------------------------------------------
     0 | D:1      | frimble the Gnoll Warper began the quest for the Orb.
     0 | D:1      | Reached XP level 1. HP: 20/20 MP: 6/6
   411 | D:1      | Reached XP level 2. HP: 26/26 MP: 7/7
   414 | D:1      | Learned a level 2 spell: Blink
   675 | D:2      | Found a shadowy altar of Dithmenos.
   681 | D:2      | Noticed Natasha
   694 | D:2      | Noticed a crimson imp
   695 | D:2      | Noticed a crimson imp
   700 | D:2      | Killed Natasha
   701 | D:2      | Reached skill level 5 in Spellcasting
   701 | D:2      | Reached skill level 1 in Invocations
   701 | D:2      | Reached XP level 3. HP: 18/31 MP: 5/9
   883 | D:2      | Reached skill level 1 in Short Blades
   883 | D:2      | Reached skill level 1 in Long Blades
   883 | D:2      | Reached skill level 1 in Axes
   883 | D:2      | Reached skill level 1 in Maces & Flails
   883 | D:2      | Reached skill level 1 in Polearms
   883 | D:2      | Reached skill level 1 in Staves
   883 | D:2      | Reached skill level 1 in Slings
   883 | D:2      | Reached skill level 1 in Bows
   883 | D:2      | Reached skill level 1 in Crossbows
   883 | D:2      | Reached skill level 1 in Stealth
   883 | D:2      | Reached skill level 1 in Shields
   883 | D:2      | Reached skill level 1 in Evocations
   928 | D:2      | Noticed Natasha
   953 | D:3      | Reached XP level 4. HP: 17/38 MP: 11/11
  1169 | D:2      | Killed Natasha
  1170 | D:2      | Reached skill level 1 in Conjurations
  1170 | D:2      | Reached skill level 1 in Hexes
  1170 | D:2      | Reached skill level 1 in Summonings
  1170 | D:2      | Reached skill level 1 in Necromancy
  1170 | D:2      | Reached skill level 1 in Transmutations
  1170 | D:2      | Reached skill level 1 in Fire Magic
  1170 | D:2      | Reached skill level 1 in Ice Magic
  1170 | D:2      | Reached skill level 1 in Air Magic
  1170 | D:2      | Reached skill level 1 in Earth Magic
  1170 | D:2      | Reached skill level 1 in Poison Magic
  1502 | D:2      | Learned a level 3 spell: Gell's Gravitas
  1514 | D:2      | Noticed Natasha
  1524 | D:2      | Reached XP level 5. HP: 41/43 MP: 12/12
  1797 | D:2      | Killed Natasha
  2242 | D:2      | Found a faded altar of an unknown god.
  2347 | D:2      | Learned a level 5 spell: Fireball
  3015 | D:4      | Noticed an ogre
  3027 | D:4      | Killed an ogre
  3028 | D:4      | Reached XP level 6. HP: 39/50 MP: 14/14
  3032 | D:4      | Reached skill level 5 in Fighting
  3032 | D:4      | Reached skill level 5 in Dodging
  3032 | D:4      | Reached skill level 5 in Unarmed Combat
  3881 | D:5      | Entered Level 5 of the Dungeon
  4099 | D:5      | Reached XP level 7. HP: 34/56 MP: 12/15
  4242 | D:5      | Found a glowing drain.
  4254 | Sewer    | Entered a sewer
  5265 | D:5      | Reached XP level 8. HP: 51/63 MP: 16/16
  7025 | D:5      | Found Byriug's Book Shop.
  7343 | D:5      | Reached XP level 9. HP: 60/69 MP: 18/18
  7554 | D:5      | Identified the +4 rapier "Esesyfoc" {drain, rPois}
  7744 | D:6      | Identified the +7 long sword of the Wary Persimmons {spect,
                  | rF++}
  7843 | D:6      | Found a staircase to the Ecumenical Temple.
  8061 | D:6      | Noticed Slifar's ghost (amateur DrAr)
  8230 | D:6      | Found a runed translucent door.
  8514 | D:6      | Noticed Edmund
  8522 | D:6      | Killed Edmund
  8523 | D:6      | Reached skill level 5 in Throwing
  8523 | D:6      | Reached skill level 5 in Armour
  8953 | D:7      | Noticed a deep elf pyromancer
  8971 | D:7      | Found a flagged portal.
  8985 | Bailey   | Entered a bailey
  9072 | Bailey   | Reached skill level 5 in Invocations
  9088 | Bailey   | Noticed an orc knight
  9103 | Bailey   | Killed an orc knight
  9104 | Bailey   | Reached XP level 10. HP: 26/77 MP: 20/20
  9466 | Bailey   | Found a bloodstained altar of Trog.
  9592 | D:7      | Reached skill level 5 in Short Blades
  9592 | D:7      | Reached skill level 5 in Long Blades
  9592 | D:7      | Reached skill level 5 in Axes
  9592 | D:7      | Reached skill level 5 in Maces & Flails
  9592 | D:7      | Reached skill level 5 in Polearms
  9592 | D:7      | Reached skill level 5 in Staves
  9592 | D:7      | Reached skill level 5 in Slings
  9592 | D:7      | Reached skill level 5 in Bows
  9592 | D:7      | Reached skill level 5 in Crossbows
  9592 | D:7      | Reached skill level 5 in Stealth
  9592 | D:7      | Reached skill level 5 in Shields
  9592 | D:7      | Reached skill level 5 in Evocations
  9857 | D:7      | Noticed a gargoyle
  9859 | D:7      | Killed a deep elf pyromancer
  9865 | D:7      | Killed a gargoyle
  9877 | D:7      | Killed an unseen horror
 10097 | D:7      | Got the Handbook of Sinister Rituals
 10786 | D:8      | Found a shimmering altar of Xom.
 10788 | D:8      | Found a shimmering altar of Xom.
 10790 | D:8      | Found a shimmering altar of Xom.
 10790 | D:8      | Found a shimmering altar of Xom.
 10794 | D:8      | Found a shimmering altar of Xom.
 10794 | D:8      | Found a shimmering altar of Xom.
 10794 | D:8      | Found a shimmering altar of Xom.
 10831 | D:8      | Identified the +2 robe of Chimes {rElec Will+ Archmagi}
 11015 | D:8      | Noticed Prince Ribbit
 11021 | D:8      | Killed Prince Ribbit
 11096 | D:8      | Reached XP level 11. HP: 57/84 MP: 22/22
 11385 | D:8      | Noticed Erica
 11389 | D:8      | Killed Erica
 11395 | D:8      | Reached skill level 5 in Conjurations
 11395 | D:8      | Reached skill level 5 in Hexes
 11395 | D:8      | Reached skill level 5 in Summonings
 11395 | D:8      | Reached skill level 5 in Necromancy
 11395 | D:8      | Reached skill level 5 in Transmutations
 11395 | D:8      | Reached skill level 5 in Fire Magic
 11395 | D:8      | Reached skill level 5 in Ice Magic
 11395 | D:8      | Reached skill level 5 in Air Magic
 11395 | D:8      | Reached skill level 5 in Earth Magic
 11395 | D:8      | Reached skill level 5 in Poison Magic
 12352 | Temple   | Entered the Ecumenical Temple
 12535 | Temple   | Became a worshipper of Cheibriados the Contemplative
 12585 | D:6      | Killed Slifar's ghost
 13332 | D:9      | Found a glowing silver altar of Zin.
 13578 | D:10     | Entered Level 10 of the Dungeon
 13934 | D:10     | Reached * piety under Cheibriados
 14552 | D:10     | Noticed a red ugly thing
 14560 | D:10     | Killed a red ugly thing
 14669 | D:10     | Found a hide-covered altar of Uskayaw.
 14823 | D:10     | Noticed a centaur warrior
 14831 | D:10     | Killed a centaur warrior
 15513 | D:10     | Identified a scroll of acquirement
 15513 | D:10     | Acquired 538 gold pieces
 15602 | D:11     | Reached XP level 12. HP: 88/93 MP: 20/24
 15750 | D:11     | Noticed a death yak
 15751 | D:11     | Noticed a death yak
 15752 | D:11     | Noticed a death yak
 15756 | D:11     | Found a staircase to the Lair.
 15760 | Lair:1   | Entered Level 1 of the Lair of Beasts
 16010 | Lair:1   | Reached ** piety under Cheibriados
 16200 | Lair:1   | Found an ancient bone altar of Kikubaaqudgha.
 16581 | Lair:1   | Learned a level 6 spell: Statue Form
 17735 | Lair:2   | Found a staircase to the Snake Pit.
 17930 | Lair:2   | Noticed a catoblepas
 17952 | Lair:2   | Killed a catoblepas
 18456 | Lair:2   | Reached *** piety under Cheibriados
 18826 | Lair:3   | Learned a level 8 spell: Ignition
 18875 | Lair:3   | You fall into a shaft and drop 2 floors!
 18901 | Lair:5   | Noticed a death yak
 18901 | Lair:5   | Noticed a death yak
 18901 | Lair:5   | Noticed a death yak
 18915 | Lair:5   | Killed a death yak
 18921 | Lair:5   | Gained mutation: Your spells are a little harder to cast,
                  | but a little more powerful. [mutagenic glow]
 18922 | Lair:5   | Lost mutation: Your spells are a little harder to cast, but
                  | a little more powerful. [potion of mutation]
 18922 | Lair:5   | Gained mutation: You possess an exceptional clarity of
                  | mind. [potion of mutation]
 18922 | Lair:5   | Gained mutation: You have a pair of small antennae on your
                  | head. [potion of mutation]
 18929 | Lair:5   | Gained mutation: You sometimes lose the ability to read
                  | scrolls when taking damage. [mutagenic glow]
 18934 | Lair:5   | Gained mutation: Your spells are a little easier to cast,
                  | but a little less powerful. [mutagenic glow]
 18937 | Lair:5   | Lost mutation: You possess an exceptional clarity of mind.
                  | [mutagenic glow]
 18951 | Lair:5   | Gained mutation: Your magical capacity is low. (-10% MP)
                  | [mutagenic glow]
 19172 | Lair:4   | Reached XP level 13. HP: 66/101 MP: 23/23
 20108 | Lair:4   | Found a bloodstained altar of Trog.
 20151 | Lair:4   | Found a staircase to the Shoals.
 20441 | Lair:4   | Reached **** piety under Cheibriados
 21082 | Lair:5   | Found a runed translucent gate.
 21082 | Lair:5   | Found a runed translucent gate.
 21082 | Lair:5   | Found a runed translucent gate.
 21082 | Lair:5   | Noticed an azure jelly
 21082 | Lair:5   | Noticed an azure jelly
 21082 | Lair:5   | Noticed an azure jelly
 21082 | Lair:5   | Noticed an azure jelly
 21082 | Lair:5   | Noticed a quicksilver ooze
 21082 | Lair:5   | Noticed an azure jelly
 21083 | Lair:5   | Found a viscous altar of Jiyva.
 21083 | Lair:5   | Noticed an azure jelly
 21083 | Lair:5   | Noticed an azure jelly
 21083 | Lair:5   | Noticed an azure jelly
 21083 | Lair:5   | Noticed Denysae's ghost (journeyman OgAr)
 21083 | Lair:5   | Noticed an acid blob
 21083 | Lair:5   | Noticed a quicksilver ooze
 21083 | Lair:5   | Noticed an acid blob
 21202 | Lair:5   | Reached ***** piety under Cheibriados
 21208 | Lair:5   | Reached skill level 10 in Spellcasting
 22196 | D:11     | Reached skill level 10 in Fighting
 22196 | D:11     | Reached skill level 10 in Dodging
 22196 | D:11     | Reached skill level 10 in Unarmed Combat
 22197 | D:11     | Reached XP level 14. HP: 110/110 MP: 25/25
 22356 | D:11     | Found Xoetug's Antique Weapon Shop.
 22840 | D:11     | Found a staircase to the Orcish Mines.
 23315 | D:12     | Identified the +5 chain mail "Moabrosch" {Int+5}
 23458 | D:12     | Found a bloodstained altar of Trog.
 23535 | D:13     | Found a gate leading to a gauntlet.
 23545 | Gauntlet | Entered a Gauntlet
 23545 | Gauntlet | Found a transporter.
 23545 | Gauntlet | Found a transporter.
 23545 | Gauntlet | Found a transporter.
 23555 | Gauntlet | Found a transporter.
 23558 | Gauntlet | Found a transporter.
 23568 | Gauntlet | Found a transporter.
 23569 | Gauntlet | Found a transporter.
 23570 | Gauntlet | Found the +3 crown of Dyrovepreva {rElec Int+2 SInv}
 23577 | Gauntlet | Found a transporter.
 23595 | Gauntlet | Found a transporter.
 23614 | Gauntlet | Found a transporter.
 23615 | Gauntlet | Found a transporter.
 23625 | Gauntlet | Found a transporter.
 23880 | Gauntlet | Cast into level 2 of the Abyss (a wizard)
 23904 | Abyss:2  | Noticed a starcursed mass
 23909 | Abyss:2  | Noticed a tentacled starspawn
 23921 | Abyss:2  | Killed a tentacled starspawn
 23921 | Abyss:2  | Paralysed by accursed screaming for 2 turns
 23949 | Abyss:2  | Noticed a profane servitor
 23951 | Abyss:2  | HP: 2/110 [profane servitor/+1 demon whip of venom (24)]
 23953 | Abyss:2  | Slain by a profane servitor

Illustrated notes

Levels and vault maps discovered:
D:1:      dpeg_arrival_more_subterranean_lakeside_camping, layout_basic
D:2:      layout_rooms, basic_altar, shapermc_ecumenical_altar_mp_vishouse,
          uniq_natasha
D:3:      layout_loops_ring
D:4:      dreamdust_elfheim, layout_gridville
D:5:      minmay_octagon_keep, layout_cave_pools, serial_gnoll_camp,
          gnoll_camp_mini_shop, gnoll_camp_huts_moat, gnoll_camp_mini_basic,
          gnoll_camp_mini_loothouse, gnoll_camp_mini_hut, gup_sewer_entry_pipe
D:6:      layout_basic, minmay_temple_entry_antechambers,
          hellmonk_ghost_happy_afterlife, minmay_misc_feat_cross, uniq_edmund
D:7:      minmay_blocky_corners, layout_gridville, enter_bailey_7,
          dreamdust_mushroom_princess, chequers_serial_rivers_marsh,
          grunt_tough_drop
D:8:      layout_loops_corners, xom_redecorated, special_room
          [special_room_orc], uniq_prince_ribbit1, uniq_erica
D:9:      layout_cave_pools, old_standard_altar, chequers_garden
D:10:     layout_basic, nicolae_uskayaw_dance_hall, nrook_uturn
D:11:     layout_basic, dpeg_lair_monsters, hiddenorc1_lemuel, serial_shops,
          shop, hangedman_misty_isle
D:12:     layout_rooms, tgw_trog
D:13:     minmay_the_grid_four_pointed_star_mashed
          [minmay_the_grid_triangle_9x9_swiss_cheese,
          minmay_the_grid_triangle_9x9_empty,
          minmay_the_grid_triangle_9x9_warning,
          minmay_the_grid_triangle_9x9_longest,
          minmay_the_grid_prize_diamond_cup], layout_basic,
          gauntlet_entry_generic, uniq_rupert, uniq_sonja
Temple:   mainiacjoe_temple_bowtie_tessellation
Lair:1:   layout_cave_pods, basic_altar
Lair:2:   layout_cave_pods, minmay_snake_entry_guardpost_medium,
          serial_bayou_shore_b, grunt_megastairs_1
Lair:3:   layout_regular_city, maelrawn_ghost_gauntlet_escape,
          grunt_megastairs_2, lemuel_fruit_tree, lemuel_fruit_fields,
          infiniplex_staircase_pool, serial_bayou_shore_a
Lair:4:   layout_long_grid, minmay_shoals_entry_hut, basic_altar,
          beast_lair_carwin_9
Lair:5:   layout_regular_city, gammafunk_ghost_ooze, minivault_24,
          serial_bayou_shore_b
Abyss:2:  base:
Lair:2
Gauntlet: minmay_gauntlet_mixed_big_or_small [gammafunk_gauntlet_arena_grid,
          minmay_gauntlet_arena_77_mirror, nicolae_gauntlet_swirl,
          minmay_gauntlet_arena_77_double_cross,
          gammafunk_gauntlet_arena_split_x, minmay_gauntlet_arena_77_checkered,
          gauntlet_exit_watery]

Skill      XL: |  1  2  3  4  5  6  7  8  9 10 11 12 13 14 |
---------------+-------------------------------------------+-----
Spellcasting   | 5 6 7 8 9 10 | 10.4
Invocations    | 1 2 3 4 5 6 7 8 9 |  9.9
Short Blades   | 1 2 3 4 5 6 7 8 9 |  9.0
Long Blades    | 1 2 3 4 5 6 7 8 9 |  9.0
Axes           | 1 2 3 4 5 6 7 8 9 |  9.0
Maces & Flails | 1 2 3 4 5 6 7 8 9 |  9.0
Polearms       | 1 2 3 4 5 6 7 8 9 |  9.0
Staves         | 1 2 3 4 5 6 7 8 9 |  9.0
Slings         | 1 2 3 4 5 6 7 8 9 |  9.0
Bows           | 1 2 3 4 5 6 7 8 9 |  9.0
Crossbows      | 1 2 3 4 5 6 7 8 9 |  9.0
Stealth        | 1 2 3 4 5 6 7 8 9 |  9.0
Shields        | 1 2 3 4 5 6 7 8 9 |  9.0
Evocations     | 1 2 3 4 5 6 7 8 9 |  9.0
Conjurations   | 1 2 3 4 5 6 7 |  7.5
Hexes          | 1 2 3 4 5 6 7 |  7.5
Summonings     | 1 2 3 4 5 6 7 |  7.5
Necromancy     | 1 2 3 4 5 6 7 |  7.5
Transmutations | 1 2 3 4 5 6 7 |  7.5
Fire Magic     | 1 2 3 4 5 6 7 |  7.5
Ice Magic      | 1 2 3 4 5 6 7 |  7.5
Air Magic      | 1 2 3 4 5 6 7 |  7.5
Earth Magic    | 1 2 3 4 5 6 7 |  7.5
Poison Magic   | 1 2 3 4 5 6 7 |  7.5
Throwing       | 3 4 5 6 7 8 9 |  9.4
Armour         | 3 4 5 6 7 8 9 |  9.4
Fighting       | 5 6 7 8 9 10 | 10.2
Dodging        | 5 6 7 8 9 10 | 10.2
Unarmed Combat | 5 6 7 8 9 10 | 10.2
Translocations | 6 7 8 9 |  9.4

Action                   |  1- 3 |  4- 6 |  7- 9 | 10-12 | 13-15 || total
-------------------------+-------+-------+-------+-------+-------++-------
Melee: Unarmed           |    75 |   174 |     1 |       |     4 ||   254
       Bite              |     6 |    16 |    46 |    50 |    51 ||   169
       Punch             |       |     5 |    11 |    17 |    24 ||    57
       Short sword       |       |       |   302 |       |     1 ||   303
       Trident           |       |       |   115 |       |     5 ||   120
       Long sword        |       |       |    64 |   345 |   275 ||   684
       Rapier            |       |       |       |       |     7 ||     7
Throw: Dart              |     3 |    36 |    23 |    66 |     7 ||   135
       Boomerang         |       |     2 |     2 |       |       ||     4
 Cast: Blink             |     2 |     6 |     4 |    14 |     6 ||    32
       Fireball          |       |       |       |    25 |    31 ||    56
       Statue Form       |       |       |       |       |     9 ||     9
Invok: Slouch            |       |       |       |       |     1 ||     1
 Abil: End Transformatio |       |       |       |       |     1 ||     1
Evoke: Wand              |       |       |    15 |     6 |       ||    21
       Condenser vane    |       |       |       |     1 |       ||     1
  Use: Scroll            |     4 |     6 |     7 |     5 |     3 ||    25
       Potion            |     1 |     2 |       |     6 |     2 ||    11
 Stab: Sleeping          |       |     3 |     4 |     9 |     5 ||    21
       Paralysed         |       |       |     6 |       |       ||     6
       Distracted        |       |       |       |     9 |     6 ||    15
Armor: Leather armour    |    27 |    34 |   163 |    74 |       ||   298
       Robe              |       |       |       |    76 |    46 ||   122
       Skin              |       |       |       |       |    64 ||    64
Dodge: Dodged            |    49 |    86 |   340 |   293 |   384 ||  1152

Table legend: (Time is in decaauts)
 A = Elapsed time spent in this place.
 B = Non-inter-level travel time spent in this place.
 C = Inter-level travel time spent in this place.
 D = Time resting spent in this place.
 E = Time spent auto-exploring this place.
 F = Levels seen in this place.
 G = Mean time per level.
                   A        B        C        D        E       F      G
               +--------+--------+--------+--------+--------+-----+--------+
         Total |  28153 |  27038 |   1115 |   1336 |  20915 |  23 | 1224.0 |
       Dungeon |  16999 |  16238 |    761 |    851 |  12461 |  13 | 1307.6 |
        Temple |    207 |    177 |     30 |      0 |    165 |   1 |  207.0 |
          Lair |   8559 |   8236 |    323 |    203 |   7044 |   5 | 1711.8 |
         Abyss |    138 |    138 |      0 |      4 |      0 |   1 |  138.0 |
         Sewer |   1109 |   1109 |      0 |      0 |    722 |   1 | 1109.0 |
        Bailey |    590 |    590 |      0 |    223 |    185 |   1 |  590.0 |
      Gauntlet |    549 |    549 |      0 |     55 |    336 |   1 |  549.0 |
               +--------+--------+--------+--------+--------+-----+--------+

Top non-repeatable levels by time:
    D:10: 2384 daAuts
  Lair:5: 2310 daAuts
  Lair:2: 2295 daAuts
  Lair:4: 2020 daAuts
     D:5: 1998 daAuts
     D:8: 1933 daAuts
     D:4: 1644 daAuts
  Lair:1: 1554 daAuts
    D:11: 1526 daAuts
     D:6: 1481 daAuts
     D:2: 1227 daAuts
     D:7: 1206 daAuts
   Sewer: 1109 daAuts
     D:3: 1060 daAuts
    D:12: 1025 daAuts
